 Dungeon Crawl Stone Soup version 0.21.1-1-g345015fe64 (webtiles) character file.

593 Naru the Caller (level 7, -2/51 HPs)
             Began as a Merfolk Summoner on June 12, 2018.
             Slain by an orc wizard
             ... wielding a +0 dagger
              (5 damage)
             ... on level 5 of the Dungeon.
             The game lasted 00:24:02 (6021 turns).

Naru the Caller (Merfolk Summoner)                  Turns: 6021, Time: 00:24:03

Health: -2/51      AC:  3    Str:  8      XL:     7   Next: 39%
Magic:  8/13       EV: 14    Int: 16      God:
Gold:   210        SH:  0    Dex: 12 (15) Spells: 7/14 levels left

rFire    . . .     SeeInvis .   f - +1 spear
rCold    . . .     Gourm    .   (no shield)
rNeg     . . .     Faith    .   a - +0 robe
rPois    .         Spirit   .   (no helmet)
rElec    .         Reflect  .   j - +0 cloak
rCorr    .         Harm     .   (no gloves)
MR       .....                  (no boots)
Stlth    ++........             n - amulet of inaccuracy (curse)
HPRegen  0.17/turn              i - ring of wizardry
MPRegen  0.13/turn              m - ring of flight

@: about to teleport
A: change form in water, swift swim, stealthy swim
a: Evoke Flight


You were on level 5 of the Dungeon.
You were not hungry.

You visited 1 branch of the dungeon, and saw 5 of its levels.
You also visited: Sewer.

You collected 210 gold pieces.

Inventory:

Hand Weapons
 f - a +1 spear (weapon)
Missiles
 e - 23 bolts
Armour
 a - a +0 robe (worn)
 j - a +0 cloak (worn)
 v - a +0 leather armour
Jewellery
 i - a ring of wizardry (left hand)
 m - a ring of flight (right hand)
 n - a cursed amulet of inaccuracy (around neck)
 x - an uncursed ring of positive energy {unknown}
Wands
 d - a wand of flame (23)
 p - a wand of clouds (5)
 r - a wand of disintegration (14)
 y - a wand of polymorph (13)
Scrolls
 k - a scroll of teleportation
 t - 2 scrolls of identify
 u - a scroll of fog
 w - a scroll of fear {unknown}
 z - a scroll of holy word {unknown}
 A - 3 scrolls of remove curse
 B - a scroll of immolation {unknown}
Potions
 g - 2 potions of haste {unknown}
 h - a potion of flight {unknown}
 l - a potion of curing
 o - 2 potions of agility
 q - a potion of degeneration {unknown}
 s - a potion of lignification {unknown}
Books
 b - a book of Callings

   Spells                             Type                      Level
   a - Summon Small Mammal            Summoning                    1
   b - Call Imp                       Summoning                    2
   c - Call Canine Familiar           Summoning                    3
   d - Summon Guardian Golem          Hexes/Summoning              3
   e - Summon Lightning Spire         Summoning/Air                4
   f - Summon Ice Beast               Ice/Summoning                4
Comestibles
 c - 3 rations


   Skills:
 * Level 2.4 Fighting
 + Level 2.8 Polearms
 * Level 4.3 Dodging
 - Level 2.1 Stealth
 * Level 4.2 Spellcasting
 * Level 6.0 Summonings
 * Level 1.2 Air Magic


You had 7 spell levels left.
You knew the following spells:

 Your Spells              Type           Power        Failure   Level  Hunger
a - Summon Small Mammal   Summ           ###.         1%          1    None
b - Call Imp              Summ           ###.....     1%          2    ##.....
c - Summon Lightning Spi  Summ/Air       ###.....     16%         4    ####...


Dungeon Overview and Level Annotations

Branches:
Dungeon (5/15)
 Temple: D:4-7

Altars:


Message History

As you read the scroll of teleportation, it crumbles to dust.
You feel strangely unstable.
The orc wizard looks encouraged for a moment.
You hear some strange, mumbled words.
A magic dart appears from out of thin air!
The magic dart hits you!
* * * LOW HITPOINT WARNING * * *
The orc barely misses you. Something hits you.
* * * LOW HITPOINT WARNING * * *
The orc completely misses you.
Unknown command.
You hear some strange, mumbled words.
A puff of flame appears from out of thin air!
The puff of flame hits you!
* * * LOW HITPOINT WARNING * * *
The orc barely misses you.
Unknown command.
Something hits you.
You die...

,,,,,,,,,+,,,#.....#......###.#♣.
,,,,,,,,,*,,,+.....#......#######
≈≈≈,,,,,,*,,,#.....#..........#
≈**≈,,,,,*,,,#.....#..#######.###
≈≈≈**,,,,*,,,#.....#..#≈≈≈≈≈#....
≈≈≈*≈***####+#.....#..'≈≈.≈≈#....
≈P≈P≈P♣.#..........#..#≈≈≈≈≈#....
≈≈≈≈≈≈≈.#......5...#..#######....
≈≈≈PPP≈♣#......{@..#.............
≈≈≈≈≈≈≈♣#.....#o####.<...........
≈≈≈≈≈♣P♣......#oo.#......#.......
≈≈≈≈≈≈≈♣......#o..#......#.......
≈≈≈≈oP≈≈≈.$...#...+......#.......
≈≈≈≈P≈≈≈≈.....#..o#......'.......
≈≈≈≈≈≈≈≈≈.....#..o#......#.......
≈≈≈≈≈≈≈≈♣######...#......#.......
≈≈≈≈≈P♣♣♣# *....#......#.......


You could see an orc priest, an orc wizard, an orc and a friendly crimson imp.

Vanquished Creatures
  A centaur zombie (D:4)
  An orc wizard (D:3)
  A hound zombie (D:4)
  A worker ant zombie (D:4)
  3 worms (D:2)
  3 leopard geckos (D:2)
  A bat (D:3)
  2 goblins (D:2)
  2 hobgoblins
  A jackal (D:3)
  2 quokkas (D:2)
  4 frilled lizards (D:2)
  2 kobolds
  A rat (D:1)
25 creatures vanquished.

Vanquished Creatures (collateral kills)
  Eustachio (D:4)
  Purgy (Sewer)
  An ice beast (D:5)
  3 ogres (D:4)
  A crimson imp (D:5)
  2 bullfrog skeletons (D:4)
  Jessica (D:2)
  3 worker ants
  7 gnolls
  5 adders
  A dart slug (D:1)
  8 orcs
  2 giant cockroaches (D:5)
  2 goblins (D:1)
  A hobgoblin (D:3)
  7 jackals
  5 kobolds
  2 quokkas
  A ball python (D:1)
  8 bats
  3 frilled lizards (D:2)
  A giant cockroach zombie (D:4)
  4 rats
70 creatures vanquished.

Grand Total: 95 creatures vanquished

Notes
Turn   | Place    | Note
-------+----------+-------------------------------------------
     0 | D:1      | Naru the Merfolk Summoner began the quest for the Orb.
     0 | D:1      | Reached XP level 1. HP: 13/13 MP: 3/3
   543 | D:1      | Reached XP level 2. HP: 18/19 MP: 3/5
   565 | D:1      | Learned a level 2 spell: Call Imp
  1156 | D:2      | Reached XP level 3. HP: 24/25 MP: 0/6
  1162 | D:2      | Reached skill level 1 in Polearms
  1578 | D:2      | Noticed Jessica
  1588 | D:2      | Killed Jessica
  1588 | D:2      | Reached skill level 1 in Fighting
  1588 | D:2      | Reached XP level 4. HP: 29/32 MP: 2/7
  2253 | D:2      | You fall through a shaft!
  2424 | D:3      | Reached skill level 5 in Summonings
  2424 | D:3      | Reached XP level 5. HP: 32/37 MP: 6/9
  2490 | D:3      | Learned a level 4 spell: Summon Lightning Spire
  2919 | D:3      | Found a faded altar of an unknown god.
  3375 | D:4      | Noticed an ogre
  3382 | D:4      | Killed an ogre
  3502 | D:4      | Reached XP level 6. HP: 42/43 MP: 6/10
  4385 | D:4      | Noticed Eustachio
  5072 | D:4      | Killed Eustachio
  5072 | D:4      | Reached skill level 1 in Air Magic
  5072 | D:4      | Reached XP level 7. HP: 50/50 MP: 5/12
  5252 | D:5      | Entered Level 5 of the Dungeon
  5583 | D:5      | Found a glowing drain.
  5676 | Sewer    | Entered a sewer
  5791 | Sewer    | Noticed Purgy
  5814 | Sewer    | Killed Purgy
  5814 | Sewer    | Reached skill level 6 in Summonings
  6021 | D:5      | Slain by an orc wizard

Skill      XL: |  1  2  3  4  5  6  7 |
---------------+----------------------+-----
Polearms       | 1 2 |  2.8
Dodging        | 3 4 |  4.3
Fighting       | 1 2 |  2.4
Summonings     | 5 6 |  6.0
Spellcasting   | 3 4 |  4.2
Air Magic      | 1 |  1.2
Stealth        | |  2.1

Action                   |  1- 3 |  4- 6 |  7- 9 || total
-------------------------+-------+-------+-------++-------
Melee: Short sword       |     3 |       |       ||     3
       Spear             |    48 |   110 |    74 ||   232
 Cast: Summon Small Mamm |    14 |       |       ||    14
       Call Imp          |    18 |    53 |    21 ||    92
       Summon Lightning  |       |    13 |     5 ||    18
  Use: Scroll            |     4 |     5 |     4 ||    13
       Potion            |       |     4 |     1 ||     5
 Stab: Distracted        |     1 |     3 |       ||     4
       Sleeping          |     1 |     1 |       ||     2
  Eat: Ration            |     1 |     5 |     2 ||     8
Armor: Robe              |    13 |    34 |    11 ||    58
Dodge: Dodged            |    42 |   136 |    58 ||   236
